 Dungeon Crawl Stone Soup version 0.20-a0-656-g9b0dcd9 (console) character file.

3419 Goblin1989 the Grappler (level 9, -8/87 HPs)
             Began as a Troll Hunter on Feb 17, 2017.
             Was a Priest of Okawaru.
             Mangled by a wyvern (20 damage)
             ... on level 8 of the Dungeon.
             The game lasted 00:20:46 (5107 turns).

Goblin1989 the Grappler (Troll Hunter)              Turns: 5107, Time: 00:20:46

Health: -8/87      AC:  6    Str: 23    XL:     9   Next: 76%
Magic:  8/8        EV: 13    Int:  7    God:    Okawaru [***...]
Gold:   417        SH:  0    Dex: 16    Spells: 8/8 levels left

rFire    + . .     SeeInvis .     - Unarmed
rCold    + . .     Gourm    +   J - +1 robe
rNeg     . . .     Faith    .   (no shield)
rPois    +         Spirit   .   (helmet restricted)
rElec    .         Reflect  .   a - scarf {rC+ rF+}
rCorr    +         Harm     +   (gloves unavailable)
MR       .....                  (boots unavailable)
Stlth    ++........             H - amulet of harm
Regen    0.7/turn               g - ring of resist corrosion
MPRegen  0.2/turn               v - +4 ring of dexterity

@: lethally poisoned (-8 -> -9)
A: unfitting armour, claws 3, horns 1, fast metabolism 3, gourmand, poison
resistance, regeneration 1, shaggy fur 1, tough skin 2
a: Heroism, Renounce Religion


You were on level 8 of the Dungeon.
You worshipped Okawaru.
Okawaru was most pleased with you.
You were completely stuffed.

You visited 2 branches of the dungeon, and saw 9 of its levels.

You collected 417 gold pieces.

Inventory:

Hand Weapons
 D - a +2 whip of flaming
Missiles
 c - 8 large rocks (quivered) {!d}
 d - 2 curare-tipped needles
 Z - 3 throwing nets {!d, =f}
Armour
 a - a scarf of resistance (worn)
 J - a +1 robe (worn)
Jewellery
 g - a ring of resist corrosion (right claw)
 m - an uncursed ring of protection from magic
 v - a +4 ring of dexterity (left claw)
 w - an uncursed ring of fire
 H - an amulet of harm (around neck)
Wands
 b - a wand of scattershot (5/9)
 t - a wand of polymorph (7/24)
 x - a wand of disintegration (14/24)
 B - a wand of flame (31/48)
Scrolls
 f - 3 scrolls of identify {unknown}
 i - 2 scrolls of enchant armour {unknown}
 k - 6 scrolls of remove curse {@r2}
 l - a scroll of fear {unknown}
 n - 2 scrolls of amnesia {unknown}
 p - 3 scrolls of fog {unknown}
 s - a scroll of magic mapping {unknown}
 y - a scroll of enchant weapon {unknown}
 I - a scroll of holy word {unknown}
 T - 6 scrolls of teleportation {!r, @r3}
Potions
 h - a potion of flight {unknown}
 j - 2 potions of ambrosia
 r - a potion of might {unknown}
Books
 q - a book of Minor Magic

   Spells                             Type                      Level
   a - Magic Dart                     Conjuration                  1
   b - Blink                          Translocation                2
   c - Call Imp                       Summoning                    2
   d - Slow                           Hexes                        2
   e - Conjure Flame                  Conjuration/Fire             3
   f - Mephitic Cloud                 Conjuration/Poison/Air       3
Comestibles
 e - 5 bread rations {@e1}
 o - 3 meat rations {@e2}
 u - 4 chunks of flesh
 C - a royal jelly
 G - 4 fruits


   Skills:
 + Level 4.9 Fighting
 - Level 3.6 Throwing
 + Level 5.0 Dodging
 - Level 0.3 Stealth
 * Level 11.1 Unarmed Combat


You had 8 spell levels left.
You didn't know any spells.

Dungeon Overview and Level Annotations

Branches:
Dungeon (8/15)             Temple (1/1) D:6
   Lair: D:8-11

Altars:
Ashenzari
Cheibriados
Dithmenos
Elyvilon
Fedhas
Gozag
Hepliaklqana
Kikubaaqudgha
Makhleb
Nemelex Xobeh
Okawaru
Qazlal
Ru
Sif Muna
Trog
Uskayaw
Vehumet
Xom
Yredelemnul
Zin
The Shining One

Shops:
D:5 *   D:8 :


Innate Abilities, Weirdness & Mutations

You are too large for most types of armour.
You have claws for hands.
Your metabolism is lightning-fast.
You like to eat raw meat.
Your natural rate of healing is unusually fast.
You are covered in fur. (AC +1)
You have very tough skin. (AC +2)
You have a pair of small horns on your head.
Your system is resistant to poisons. (rPois)


Message History

This raw flesh tastes great.
HP restored.
Health restored: 87
There is an entrance to Ymemefer's Book Shoppe here.
There is an entrance to Ymemefer's Book Shoppe here.
Unknown command.
You can access your shopping list by pressing '$'.
A worker ant comes into view.
The worker ant twitches its antennae in your direction.
The worker ant moves out of view.
No target in view!
No target in view!
No target in view!
No target in view!
No target in view!
No target in view!
No target in view!
No target in view!
No target in view!
No target in view!
No target in view!
No target in view!
No target in view!
No target in view!
No target in view!
No target in view!
No target in view!
No target in view!
No target in view!
No target in view!
You see here a cloak.
A killer bee comes into view.
The worker ant bites you. x2
You take 6 damage, and have 81/87 hp.
You closely miss the worker ant. Your headbutt misses the worker ant.
Your claw misses the worker ant. You claw the worker ant!
You claw the worker ant.
You kill the worker ant!
Okawaru accepts your kill. The killer bee barely misses you.
The killer bee stings you.
You take 3 damage, and have 79/87 hp.
You mangle the killer bee!!
You kill the killer bee!
Okawaru accepts your kill.
A hound comes into view.
A killer bee comes into view.
A kobold comes into view. It is wielding a club.
A wyvern and a killer bee come into view.
The killer bee buzzes angrily.
You mangle the hound!!
You kill the hound!
Okawaru accepts your kill.
The killer bee buzzes angrily. 2 killer bees come into view.
The killer bee buzzes angrily.
A centaur comes into view.
The killer bee closely misses you. x2; The killer bee stings you.
The killer bee closely misses you.
A kobold and a zombie come into view.
You barely miss the wyvern.
The kobold shouts!
The killer bee buzzes angrily.
The centaur shouts!
The killer bee closely misses you. x2; The wyvern barely misses you.
The killer bee misses you. The killer bee barely misses you.
The killer bee misses you.
A big kobold comes into view. It is wielding a whip.
The big kobold shouts!
You claw the wyvern!
The wyvern is severely wounded.
The killer bee stings you. x2
You are poisoned.
The killer bee poisons you! The killer bee closely misses you.
The killer bee stings you. The wyvern bites you! The killer bee stings you.
You take 34 damage, and have 48/87 hp.
O_OOPS!!
MASSIVE DAMAGE!!
Really read
T - 7 scrolls of teleportation {!r, @r3}?
As you read the scroll of teleportation {!r, @r3}, it crumbles to dust.
You feel strangely unstable.
You feel sick. The killer bee barely misses you. The killer bee stings you. x2
* * * LOW HITPOINT WARNING * * *
The wyvern bites you.
* * * LOW HITPOINT WARNING * * *
The killer bee stings you!
* * * LOW HITPOINT WARNING * * *
The killer bee stings you.
* * * LOW HITPOINT WARNING * * *
The killer bee stings you.
* * * LOW HITPOINT WARNING * * *
The killer bee stings you but does no damage.
The wyvern misses you. The killer bee barely misses you.
You take 29 damage, and have 19/87 hp.
O_OOPS!!
MASSIVE DAMAGE!!
It was a potion of cancellation.
You feel strangely stable.
You feel magically purged.
You feel sick. The killer bee misses you. The killer bee stings you.
* * * LOW HITPOINT WARNING * * *
The killer bee barely misses you. x2; The killer bee stings you.
* * * LOW HITPOINT WARNING * * *
The killer bee stings you but does no damage.
The wyvern hisses menacingly.
The wyvern bites you!
You die...

.......████K██
██..█.......K..
......█........
.............
............ .██
████..........
...████.<...lyK.....
████...........@ycZ..█
.............†yy█...█
................█. ██
██.........†.......█
█...............█...
█........[████...!..█
█<..........██..█.█..
███)........█.███...█.█
.)))........█).. ...█


You could see a wyvern, a big kobold, a centaur, 4 killer bees, a bullfrog
zombie and 2 kobolds.

Vanquished Creatures
  Pikel (D:6)
  Sigmund (D:2)
  2 water moccasins
  Duvessa (D:6)
  An orc warrior (D:6)
  2 ice beasts
  3 slaves (D:6)
  A necrophage (D:7)
  2 ogres (D:6)
  3 phantoms
  3 centaurs
  4 bullfrogs
  Dowan (D:6)
  A scorpion (D:6)
  6 killer bees
  4 crimson imps
  A centaur zombie (D:8)
  4 hounds
  2 orc priests (D:8)
  2 orc wizards
  Terence (D:3)
  Jessica (D:2)
  An iguana (D:6)
  4 worker ants
  A hound zombie (D:7)
  A worker ant zombie (D:7)
  Robin (D:3)
  3 gnolls (D:5)
  4 adders (D:3)
  2 shadow imps
  2 oozes (D:2)
  A worm (D:3)
  A dart slug (D:5)
  3 leopard geckos
  18 orcs
  3 ball pythons
  6 bats
  7 giant cockroaches
  6 hobgoblins
  8 jackals
  A quokka (D:2)
  8 frilled lizards
  18 goblins
  2 jackal skeletons
  8 kobolds
  3 quokka skeletons
  3 rats
162 creatures vanquished.

Notes
Turn   | Place    | Note
-------+----------+-------------------------------------------
     0 | D:1      | Goblin1989 the Troll Hunter began the quest for the Orb.
     0 | D:1      | Reached XP level 1. HP: 19/19 MP: 0/0
    19 | D:1      | Reached skill level 1 in Unarmed Combat
    84 | D:1      | Reached XP level 2. HP: 27/27 MP: 1/1
   141 | D:1      | Reached skill level 2 in Unarmed Combat
   474 | D:2      | Reached XP level 3. HP: 33/33 MP: 2/2
   708 | D:2      | Noticed Jessica
   724 | D:2      | Reached skill level 3 in Unarmed Combat
   726 | D:2      | Killed Jessica
   738 | D:2      | Reached XP level 4. HP: 37/41 MP: 3/3
   858 | D:2      | Noticed Sigmund
   887 | D:2      | Killed Sigmund
   887 | D:2      | Reached skill level 5 in Unarmed Combat
   887 | D:2      | Reached XP level 5. HP: 31/48 MP: 4/4
  1128 | D:2      | Found a deep blue altar of Sif Muna.
  1320 | D:3      | Reached XP level 6. HP: 53/55 MP: 5/5
  1395 | D:3      | Reached skill level 6 in Unarmed Combat
  1415 | D:3      | Noticed Terence
  1422 | D:3      | Killed Terence
  1636 | D:3      | Noticed Robin
  1671 | D:3      | Killed Robin
  1796 | D:3      | Found a faded altar of an unknown god.
  2385 | D:4      | Reached skill level 7 in Unarmed Combat
  2524 | D:5      | Entered Level 5 of the Dungeon
  2571 | D:5      | Reached XP level 7. HP: 62/62 MP: 6/6
  2888 | D:5      | Found Ujupa's General Store.
  2964 | D:5      | Reached skill level 8 in Unarmed Combat
  3111 | D:6      | Found a staircase to the Ecumenical Temple.
  3130 | Temple   | Entered the Ecumenical Temple
  3229 | Temple   | Became a worshipper of Warmaster Okawaru
  3315 | D:6      | Reached XP level 8. HP: 66/74 MP: 7/7
  3437 | D:6      | Noticed Pikel
  3508 | D:6      | Killed Pikel
  3508 | D:6      | Reached * piety under Okawaru
  3508 | D:6      | Reached skill level 9 in Unarmed Combat
  3704 | D:6      | Reached ** piety under Okawaru
  4076 | D:6      | Noticed Duvessa
  4077 | D:6      | Noticed Dowan
  4095 | D:6      | Killed Duvessa
  4095 | D:6      | Reached skill level 10 in Unarmed Combat
  4095 | D:6      | Reached XP level 9. HP: 79/84 MP: 8/8
  4108 | D:6      | Killed Dowan
  4258 | D:6      | Gained mutation: You have a pair of small horns on your head. [potion of mutation]
  4258 | D:6      | Gained mutation: Your system is resistant to poisons. (rPois) [potion of mutation]
  4655 | D:7      | Reached *** piety under Okawaru
  5018 | D:8      | Found Ymemefer's Book Shoppe.
  5019 | D:8      | Reached skill level 11 in Unarmed Combat
  5038 | D:8      | Reached skill level 5 in Dodging
  5107 | D:8      | Mangled by a wyvern

Vault maps used:
D:1:      lightli_iron_boxes
D:2:      lemuel_blue_sif_altar, uniq_jessica, uniq_sigmund
D:3:      chequers_ecumenical_altar_simple, uniq_robin, uniq_terence
D:4:      lemuel_old_faithful
D:5:      first_bread, serial_shops, nicolae_shop_stone,
          minmay_misc_feat_four_crosses, hangedman_abyss_or_decor_stabs
D:6:      temple_pool_b, nrook_mini_vaults, uniq_duvessa, uniq_pikel
D:8:      serial_shops, shop, hangedman_ranch, uniq_psyche
Temple:   nicolae_temple_the_god_donut

Skill      XL: |  1  2  3  4  5  6  7  8  9 |
---------------+----------------------------+-----
Unarmed Combat | 1 2 3 5 7 8 10 11 | 11.1
Dodging        | 2 4 5 |  5.0
Fighting       | 2 3 4 |  4.9
Throwing       | |  3.6
Stealth        | |  0.3

Action                   |  1- 3 |  4- 6 |  7- 9 || total
-------------------------+-------+-------+-------++-------
Melee: Unarmed           |    73 |   167 |   215 ||   455
       Punch             |     1 |     4 |     5 ||    10
       Headbutt          |       |       |    10 ||    10
Throw: Throwing net      |       |     2 |       ||     2
       Large rock        |       |       |     4 ||     4
Invok: Heroism           |       |       |     2 ||     2
  Use: Scroll            |       |     2 |     1 ||     3
       Potion            |       |       |     5 ||     5
 Stab: Sleeping          |       |       |     2 ||     2
  Eat: Chunk             |    12 |    17 |    23 ||    52
Armor: Robe              |    25 |    47 |    57 ||   129
Dodge: Dodged            |    33 |    62 |   137 ||   232

Vault maps used:
D:1:      lightli_iron_boxes
D:2:      lemuel_blue_sif_altar, uniq_jessica, uniq_sigmund
D:3:      chequers_ecumenical_altar_simple, uniq_robin, uniq_terence
D:4:      lemuel_old_faithful
D:5:      first_bread, serial_shops, nicolae_shop_stone,
          minmay_misc_feat_four_crosses, hangedman_abyss_or_decor_stabs
D:6:      temple_pool_b, nrook_mini_vaults, uniq_duvessa, uniq_pikel
D:8:      serial_shops, shop, hangedman_ranch, uniq_psyche
Temple:   nicolae_temple_the_god_donut
